[ AOE2 MATCH · #505718445 ]
UnrankedVikings vs Mongols
Player's team · WIN
Rival team · LOSS
[ REPLAY ANALYSIS · EXTRACTED FROM THE RECORDED GAME ]
Feudal
12:55
Castle
17:00
Imperial
—
| APM avg | 86.8 |
| APM peak | 159 |
| eAPM avg | 54.3 |
| Villagers / military | 78 / 28 |
Focus
⚔️ 53.0% · 🌾 47.0%
Archer ×23 · Fishing Ship ×10 · Mangonel ×5
Feudal
12:49
Castle
16:20
Imperial
—
| APM avg | 41.0 |
| APM peak | 72 |
| eAPM avg | 19.3 |
| Villagers / military | 84 / 43 |
Focus
⚔️ 33.9% · 🌾 66.1%
Unknown (37) ×60 · Steppe Lancer ×34 · Mangonel ×9 · Unknown (2626) ×2
Match map
Initial resources + every placement click. Lines = walls · curves = elevation contours. ◆ gold · ⬟ stone · ● berries · ✦ relic · ◌ wall gap
Your base· Open — unwalled flank
血刃's base· Open — unwalled flank
Smoothed initial terrain · ◌ = detected wall gap · hover for details
Inputs per minute
— Barış Manço - - 血刃
Build order — Barış Manço
First 150 of 188 actions detected
| 0:15 | Build | Town Center |
| 1:20 | Build | House |
| 2:04 | Build | Dock |
| 2:09 | Build | Dock |
| 2:40 | Queue | Villager (Male) |
| 2:40 | Queue | Villager (Male) |
| 2:40 | Queue | Villager (Male) |
| 2:41 | Queue | Villager (Male) |
| 2:41 | Queue | Villager (Male) |
| 3:51 | Queue | Fishing Ship |
| 3:51 | Queue | Fishing Ship |
| 3:58 | Queue | Villager (Male) |
| 3:58 | Queue | Villager (Male) |
| 4:22 | Build | House |
| 4:53 | Queue | Villager (Male) |
| 4:53 | Queue | Villager (Male) |
| 5:23 | Queue | Fishing Ship |
| 5:24 | Queue | Fishing Ship |
| 5:35 | Queue | Villager (Male) |
| 5:36 | Queue | Villager (Male) |
| 5:52 | Queue | Villager (Male) |
| 5:53 | Queue | Villager (Male) |
| 6:18 | Queue | Villager (Male) |
| 6:18 | Queue | Villager (Male) |
| 6:32 | Build | House |
| 6:35 | Queue | Villager (Male) |
| 6:36 | Queue | Villager (Male) |
| 6:41 | Queue | Fishing Ship |
| 7:07 | Queue | Villager (Male) |
| 7:34 | Build | House |
| 7:49 | Queue | Villager (Male) |
| 7:49 | Queue | Villager (Male) |
| 8:00 | Queue | Fishing Ship |
| 8:17 | Queue | Villager (Male) |
| 8:23 | Queue | Villager (Male) |
| 8:36 | Queue | Fishing Ship |
| 9:12 | Queue | Villager (Male) |
| 9:16 | Build | House |
| 9:23 | Build | House |
| 9:51 | Research | Loom |
| 9:51 | Research | Loom |
| 10:10 | Build | Mining Camp |
| 10:16 | Queue | Villager (Male) |
| 10:32 | Queue | Fishing Ship |
| 10:43 | Research | Feudal Age |
| 10:59 | Queue | Villager (Male) |
| 11:11 | Queue | Fishing Ship |
| 11:23 | Build | House |
| 11:35 | Queue | Villager (Male) |
| 12:02 | Queue | Fishing Ship |
| 12:38 | Build | Mill |
| 12:55 | Age | Feudal Age |
| 13:02 | Build | Blacksmith |
| 13:29 | Build | Market |
| 13:34 | Queue | Villager (Male) |
| 14:08 | Build | Palisade Wall |
| 14:10 | Build | Palisade Wall |
| 14:11 | Build | Palisade Wall |
| 14:20 | Research | Castle Age |
| 14:20 | Research | Castle Age |
| 14:29 | Build | Lumber Camp |
| 14:58 | Research | Double-Bit Axe |
| 15:23 | Build | Barracks |
| 15:24 | Research | Fletching |
| 15:57 | Queue | Villager (Male) |
| 15:58 | Queue | Villager (Male) |
| 16:21 | Build | Archery Range |
| 16:31 | Build | House |
| 16:32 | Build | House |
| 16:39 | Queue | Villager (Male) |
| 17:00 | Age | Castle Age |
| 17:05 | Build | Town Center |
| 17:08 | Queue | Villager (Male) |
| 17:16 | Queue | Archer |
| 17:31 | Build | Town Center |
| 17:36 | Queue | Villager (Male) |
| 17:43 | Queue | Archer |
| 17:59 | Queue | Villager (Male) |
| 18:02 | Queue | Archer |
| 18:09 | Queue | Archer |
| 18:17 | Queue | Villager (Male) |
| 18:33 | Queue | Villager (Male) |
| 18:33 | Queue | Villager (Male) |
| 18:34 | Queue | Villager (Male) |
| 18:38 | Build | Mining Camp |
| 18:52 | Build | Siege Workshop |
| 18:55 | Queue | Villager (Male) |
| 18:55 | Queue | Villager (Male) |
| 18:55 | Queue | Villager (Male) |
| 19:04 | Queue | Archer |
| 19:06 | Queue | Villager (Male) |
| 19:07 | Queue | Villager (Male) |
| 19:33 | Queue | Villager (Male) |
| 19:33 | Queue | Villager (Male) |
| 19:39 | Queue | Mangonel |
| 19:39 | Queue | Mangonel |
| 20:00 | Queue | Villager (Male) |
| 20:01 | Queue | Villager (Male) |
| 20:13 | Queue | Archer |
| 20:13 | Queue | Archer |
| 20:14 | Queue | Archer |
| 20:22 | Queue | Villager (Male) |
| 20:22 | Queue | Villager (Male) |
| 20:39 | Queue | Archer |
| 21:08 | Queue | Archer |
| 21:18 | Build | Town Center |
| 21:23 | Queue | Villager (Male) |
| 21:23 | Queue | Villager (Male) |
| 21:49 | Queue | Villager (Male) |
| 21:49 | Queue | Villager (Male) |
| 21:50 | Queue | Villager (Male) |
| 22:06 | Queue | Archer |
| 22:40 | Queue | Villager (Male) |
| 22:40 | Queue | Villager (Male) |
| 22:41 | Queue | Villager (Male) |
| 23:08 | Queue | Mangonel |
| 23:16 | Build | Farm |
| 23:17 | Build | Farm |
| 23:18 | Build | Farm |
| 23:18 | Build | Farm |
| 23:19 | Build | Farm |
| 23:19 | Build | Farm |
| 23:34 | Queue | Villager (Male) |
| 23:34 | Queue | Villager (Male) |
| 23:34 | Queue | Villager (Male) |
| 24:20 | Queue | Archer |
| 24:25 | Build | House |
| 24:26 | Build | House |
| 24:27 | Queue | Villager (Male) |
| 24:27 | Queue | Villager (Male) |
| 24:27 | Queue | Villager (Male) |
| 24:29 | Queue | Archer |
| 24:38 | Queue | Mangonel |
| 24:40 | Build | Archery Range |
| 24:59 | Queue | Archer |
| 25:28 | Research | Bodkin Arrow |
| 25:28 | Research | Bodkin Arrow |
| 25:35 | Queue | Villager (Male) |
| 25:35 | Queue | Villager (Male) |
| 25:35 | Queue | Villager (Male) |
| 25:36 | Queue | Villager (Male) |
| 25:46 | Queue | Archer |
| 25:47 | Queue | Archer |
| 25:51 | Build | Farm |
| 25:52 | Build | Farm |
| 26:02 | Queue | Archer |
| 26:02 | Queue | Archer |
| 26:04 | Queue | Villager (Male) |
| 26:04 | Queue | Villager (Male) |
| 26:33 | Queue | Villager (Male) |
Build order — 血刃
First 150 of 243 actions detected
| 0:41 | Build | Town Center |
| 2:11 | Build | House |
| 2:38 | Queue | Unit 37 |
| 2:38 | Queue | Villager (Male) |
| 2:38 | Queue | Unit 37 |
| 2:39 | Queue | Unit 37 |
| 2:39 | Queue | Unit 37 |
| 2:39 | Queue | Unit 37 |
| 2:39 | Queue | Villager (Male) |
| 2:40 | Queue | Villager (Male) |
| 2:41 | Queue | Villager (Male) |
| 3:04 | Queue | Villager (Male) |
| 3:04 | Queue | Unit 37 |
| 3:04 | Queue | Unit 37 |
| 3:04 | Queue | Villager (Male) |
| 3:04 | Queue | Villager (Male) |
| 3:04 | Queue | Unit 37 |
| 3:05 | Research | Loom |
| 3:09 | Queue | Villager (Male) |
| 3:09 | Queue | Villager (Male) |
| 3:52 | Queue | Villager (Male) |
| 3:52 | Queue | Villager (Male) |
| 4:06 | Queue | Villager (Male) |
| 4:06 | Queue | Villager (Male) |
| 4:46 | Build | House |
| 4:51 | Queue | Villager (Male) |
| 4:51 | Queue | Villager (Male) |
| 5:46 | Queue | Villager (Male) |
| 5:53 | Queue | Villager (Male) |
| 6:06 | Queue | Villager (Male) |
| 6:06 | Queue | Villager (Male) |
| 6:45 | Queue | Villager (Male) |
| 6:52 | Build | House |
| 6:59 | Queue | Villager (Male) |
| 7:13 | Queue | Villager (Male) |
| 7:13 | Queue | Villager (Male) |
| 7:29 | Build | Mill |
| 7:31 | Queue | Villager (Male) |
| 7:37 | Queue | Villager (Male) |
| 7:48 | Queue | Villager (Male) |
| 8:00 | Queue | Villager (Male) |
| 8:38 | Build | House |
| 9:31 | Queue | Villager (Male) |
| 9:46 | Build | Mining Camp |
| 10:08 | Queue | Unit 37 |
| 10:08 | Queue | Unit 37 |
| 10:08 | Queue | Villager (Male) |
| 10:08 | Queue | Villager (Male) |
| 10:08 | Queue | Villager (Male) |
| 10:08 | Queue | Villager (Male) |
| 10:08 | Queue | Unit 37 |
| 10:08 | Queue | Villager (Male) |
| 10:16 | Research | Feudal Age |
| 10:28 | Build | Barracks |
| 12:15 | Build | House |
| 12:49 | Age | Feudal Age |
| 12:49 | Queue | Villager (Male) |
| 12:49 | Queue | Unit 37 |
| 12:50 | Queue | Villager (Male) |
| 12:50 | Queue | Villager (Male) |
| 12:50 | Queue | Villager (Male) |
| 12:50 | Queue | Unit 37 |
| 12:51 | Build | Blacksmith |
| 12:53 | Build | Stable |
| 13:18 | Build | Lumber Camp |
| 13:36 | Research | Castle Age |
| 13:41 | Build | House |
| 14:03 | Research | Double-Bit Axe |
| 14:22 | Build | House |
| 14:24 | Build | Palisade Wall |
| 14:48 | Build | House |
| 15:51 | Research | Scale Barding Armor |
| 16:09 | Build | Dock |
| 16:20 | Age | Castle Age |
| 16:20 | Queue | Unit 37 |
| 16:20 | Queue | Villager (Male) |
| 16:20 | Queue | Villager (Male) |
| 16:20 | Queue | Unit 37 |
| 16:20 | Queue | Unit 37 |
| 16:20 | Queue | Unit 37 |
| 16:22 | Build | Siege Workshop |
| 16:24 | Queue | Steppe Lancer |
| 16:24 | Queue | Steppe Lancer |
| 16:24 | Queue | Steppe Lancer |
| 16:24 | Queue | Steppe Lancer |
| 16:24 | Queue | Steppe Lancer |
| 16:24 | Queue | Steppe Lancer |
| 16:24 | Queue | Steppe Lancer |
| 16:24 | Queue | Steppe Lancer |
| 16:24 | Queue | Steppe Lancer |
| 16:38 | Queue | Steppe Lancer |
| 16:38 | Queue | Steppe Lancer |
| 16:38 | Queue | Steppe Lancer |
| 16:38 | Queue | Steppe Lancer |
| 16:38 | Queue | Steppe Lancer |
| 16:54 | Queue | Mangonel |
| 16:55 | Queue | Mangonel |
| 17:00 | Build | House |
| 17:29 | Queue | Villager (Male) |
| 17:29 | Queue | Unit 37 |
| 17:29 | Queue | Unit 37 |
| 17:29 | Queue | Unit 37 |
| 17:29 | Queue | Villager (Male) |
| 17:30 | Queue | Villager (Male) |
| 17:57 | Queue | Mangonel |
| 18:08 | Queue | Unit 2626 |
| 18:08 | Queue | Villager (Male) |
| 18:08 | Queue | Unit 37 |
| 18:08 | Queue | Unit 2626 |
| 18:08 | Queue | Villager (Male) |
| 18:08 | Queue | Villager (Male) |
| 18:08 | Queue | Villager (Male) |
| 18:29 | Build | House |
| 18:34 | Queue | Villager (Male) |
| 18:34 | Queue | Unit 37 |
| 18:34 | Queue | Unit 37 |
| 18:34 | Queue | Villager (Male) |
| 18:34 | Queue | Steppe Lancer |
| 18:34 | Queue | Steppe Lancer |
| 18:34 | Queue | Steppe Lancer |
| 18:34 | Queue | Steppe Lancer |
| 18:34 | Queue | Steppe Lancer |
| 18:34 | Queue | Unit 37 |
| 18:34 | Queue | Unit 37 |
| 18:40 | Build | House |
| 19:01 | Build | House |
| 19:10 | Queue | Villager (Male) |
| 19:10 | Queue | Unit 37 |
| 19:10 | Queue | Unit 37 |
| 19:10 | Queue | Villager (Male) |
| 19:10 | Queue | Unit 37 |
| 19:24 | Build | Market |
| 19:41 | Queue | Unit 37 |
| 19:41 | Queue | Villager (Male) |
| 19:41 | Queue | Unit 37 |
| 19:41 | Queue | Villager (Male) |
| 19:41 | Queue | Villager (Male) |
| 19:41 | Queue | Unit 37 |
| 19:41 | Queue | Unit 37 |
| 19:43 | Build | House |
| 20:12 | Build | House |
| 20:13 | Queue | Villager (Male) |
| 20:14 | Queue | Unit 37 |
| 20:14 | Queue | Unit 37 |
| 20:14 | Queue | Unit 37 |
| 20:19 | Queue | Steppe Lancer |
| 20:19 | Queue | Steppe Lancer |
| 20:19 | Queue | Steppe Lancer |
| 20:19 | Queue | Steppe Lancer |
| 20:19 | Queue | Steppe Lancer |
Match timeline
| 2:04 | Barış Manço · first_building Dock |
| 10:28 | 血刃 · first_building Barracks |
| 12:49 | 血刃 · age_up feudal |
| 12:53 | 血刃 · first_building Stable |
| 12:55 | Barış Manço · age_up feudal |
| 14:08 | Barış Manço · wall_segment Palisade Wall x1 |
| 14:10 | Barış Manço · wall_segment Palisade Wall x1 |
| 14:11 | Barış Manço · wall_segment Palisade Wall x1 |
| 14:24 | 血刃 · wall_segment Palisade Wall x1 |
| 15:23 | Barış Manço · first_building Barracks |
| 16:09 | 血刃 · first_building Dock |
| 16:20 | 血刃 · age_up castle |
| 16:21 | Barış Manço · first_building Archery Range |
| 16:22 | 血刃 · first_building Siege Workshop |
| 17:00 | Barış Manço · age_up castle |
| 18:52 | Barış Manço · first_building Siege Workshop |
| 19:51 | Barış Manço · first_market_sell 100 food |
| 20:18 | 血刃 · first_market_buy 100 food |
| 21:57 | 血刃 · first_market_sell 100 wood |
| 27:15 | 血刃 · first_building Castle |
| 28:11 | Barış Manço · first_market_buy 100 stone |
| 28:12 | Barış Manço · first_building Castle |
| 28:55 | Barış Manço · first_building Monastery |
| 29:32 | 血刃 · first_building Monastery |
| 29:45 | 血刃 · resign |
[ AI ANALYSIS · 1 CREDIT ]
What really happened in this match?
Wolo.gg analyzes every decision: build order, eco, micro, common mistakes by bracket. Personalized analysis on WhatsApp or Discord in 30 seconds.
Civ guide
Vikings
Perfil
Jugador #26047244